 Seeded DCSS version 0.30-a0-779-g7971cf19c3 (webtiles) character file.

Game seed: 8796237800415217726 (custom seed)

51 BigDaddyOpFi the Sneak (level 3, -2/21 HPs)
             Began as an Octopode Earth Elementalist on Feb 17, 2023.
             Slain by a gnoll
             ... wielding a +0 club
              (6 damage)
             ... on level 2 of the Dungeon.
             The game lasted 00:01:15 (765 turns).

BigDaddyOpFi the Sneak (Octopode Earth Elementalist) Turns: 765, Time: 00:01:15

Health: -2/21      AC:  1    Str:  7    XL:     3   Next: 81%
Magic:  1/6        EV: 18    Int: 19    God:
Gold:   1294       SH:  0    Dex: 12    Spells: 2/6 levels left

rFire   . . .      SeeInvis .    e - +2 war axe (freeze)
rCold   . . .      Faith    .    (no shield)
rNeg    . . .      Spirit   .    (helmet restricted)
rPois   .          Reflect  .    k - amulet of regeneration
rElec   .          Harm     .    f - +5 ring of evasion
rCorr   .          Rampage  .    (no ring)
Will    .....                    (no ring)
Stlth   +++                      (no ring)
HPRegen 1.03/turn                (no ring)
MPRegen 0.10/turn                (no ring)
                                 (no ring)
                                 (no ring)

@: no status effects
A: almost no armour, amphibious, 8 rings, camouflage 1, gelatinous body 1,
(nimble swimmer 1), tentacles
a: no special abilities


You were on level 2 of the Dungeon.
You visited 1 branch of the dungeon, and saw 2 of its levels.

You collected 1294 gold pieces.

Inventory:

Hand Weapons
 e - a +2 war axe of freezing (weapon)
Jewellery
 f - a +5 ring of evasion (left tentacle)
 k - an amulet of regeneration (around mantle)
Scrolls
 g - a scroll of teleportation {unknown}
 h - 2 scrolls of noise {unknown}
 m - a scroll of identify {unknown}
 n - a scroll of immolation {unknown}
Potions
 a - 2 potions of magic
 b - a potion of curing {unknown}
 c - a potion of attraction {unknown}
 d - 2 potions of berserk rage {unknown}
 i - a potion of mutation {unknown}
 j - a potion of lignification {unknown}
 l - a potion of invisibility {unknown}


   Skills:
 + Level 0.3 Axes
 + Level 2.4 Dodging
 + Level 3.4 Stealth
 + Level 2.4 Spellcasting
 + Level 0.5 Conjurations
 - Level 1.4 Transmutations
 + Level 3.3 Earth Magic


You had 2 spell levels left.
You knew the following spells:

 Your Spells              Type           Power      Damage    Failure   Level
a - Sandblast             Erth           30%        2d9       4%          1
b - Stone Arrow           Conj/Erth      18%        3d8       22%         3

Your spell library contained the following spells:

 Spells                   Type           Power      Damage    Failure   Level
 Passwall                 Tmut/Erth      9%         N/A       9%          2
 Petrify                  Tmut/Erth      11%        N/A       52%         4


Dungeon Overview and Level Annotations

Branches:
Dungeon (2/15)

Altars:

Shops:
D:1 :


Innate Abilities, Weirdness & Mutations

You cannot wear most types of armour.
You are amphibious.
You can wear up to eight rings at the same time.
Your skin changes colour to match your surroundings (Stealth+).
Your rubbery body absorbs attacks. (AC +1, EV +1)
((You are camouflaged when in or above water. (Stealth+)))
You have tentacles for arms and can constrict up to eight enemies at once.


Message History

Aim: a gnoll, wielding a +0 club (84% to hit)
The blast of sand misses the gnoll.
The blast of sand hits the hobgoblin.
The hobgoblin is heavily wounded.
The gnoll completely misses you. The gnoll closely misses you.
Aiming: Sandblast (safe; 4% risk of failure)
Press: ? - help, Q - select action, (/) - cycle Shift-Dir - straight line, f/p - gnoll
Aim: a gnoll, wielding a +0 club (84% to hit)
The blast of sand misses the gnoll.
The blast of sand hits the hobgoblin!
You kill the hobgoblin!
The gnoll completely misses you.
Aiming: Sandblast (safe; 4% risk of failure)
Press: ? - help, Q - select action, (/) - cycle Shift-Dir - straight line, f/p - gnoll
Aim: a gnoll, wielding a +0 club (84% to hit)
The blast of sand hits the gnoll.
The gnoll is lightly wounded.
The gnoll closely misses you. The gnoll misses you.
Aiming: Sandblast (safe; 4% risk of failure)
Press: ? - help, Q - select action, (/) - cycle Shift-Dir - straight line, f/p - gnoll
Aim: a gnoll, wielding a +0 club (lightly wounded, 84% to hit)
The blast of sand misses the gnoll.
The gnoll closely misses you.
Aiming: Sandblast (safe; 4% risk of failure)
Press: ? - help, Q - select action, (/) - cycle Shift-Dir - straight line, f/p - gnoll
Aim: a gnoll, wielding a +0 club (lightly wounded, 84% to hit)
The blast of sand hits the gnoll.
The gnoll is moderately wounded.
The gnoll hits you with a +0 club.
* * * LOW HITPOINT WARNING * * *
The gnoll completely misses you.
You barely miss the gnoll. You grab the gnoll. You squeeze the gnoll.
The gnoll is severely wounded.
You constrict the gnoll, but do no damage.
The gnoll hits you with a +0 club.
* * * LOW HITPOINT WARNING * * *
You hit the gnoll but do no damage.
You squeeze the gnoll, but do no damage.
The gnoll is severely wounded.
You constrict the gnoll, but do no damage.
The gnoll hits you with a +0 club.
You die...

.. ########## .. .
#........# .# ..
#.######.# .# ...
#.######.# .# 8...
.#####.#......# .#.....
.......#.##########.8.8...
.####...........@g†...?_..
#....##########...8?8.
.####............ .......
..........##### ###..8#
......#.......# ###
#########.###.# #.#.#.#
#...#.###### #.#.#......#


You could see a gnoll.

Vanquished Creatures
  2 gnolls (D:2)
  An adder (D:2)
  A worm (D:2)
  3 endoplasms
  A giant cockroach (D:2)
  2 hobgoblins
  2 ball pythons (D:1)
  4 bats
  A goblin (D:1)
  A kobold (D:1)
  4 rats (D:1)
22 creatures vanquished.

Notes
Turn   | Place    | Note
-------+----------+-------------------------------------------
     0 | D:1      | BigDaddyOpFi the Octopode Earth Elementalist began the
                  | quest for the Orb.
     0 | D:1      | Reached XP level 1. HP: 11/11 MP: 3/3
    71 | D:1      | Found Veoliky's Book Emporium.
    95 | D:1      | Identified 3 scrolls of acquirement
    95 | D:1      | Acquired a +5 ring of evasion
    97 | D:1      | Acquired a +2 war axe of freezing
    98 | D:1      | Acquired 1216 gold pieces
   153 | D:1      | Reached XP level 2. HP: 12/17 MP: 0/5
   619 | D:2      | Reached XP level 3. HP: 21/21 MP: 4/6
   623 | D:2      | Learned a level 3 spell: Stone Arrow
   747 | D:2      | Found a faded altar of an unknown god.
   757 | D:2      | HP: 1/21 [gnoll/+0 whip (7)]
   765 | D:2      | Slain by a gnoll

Illustrated notes

Levels and vault maps discovered:
D:1:      heliophobic_arrival_henge, layout_rooms, serial_shops, shop_statue
D:2:      layout_basic, serial_shops, nicolae_lakefront_shop,
          ebering_ecumenical_altar_ruins

Skill      XL: |  1  2 |
---------------+-------+-----
Stealth        | 3 |  3.4
Axes           | |  0.3
Dodging        | |  2.4
Spellcasting   | |  2.4
Conjurations   | |  0.5
Transmutations | |  1.4
Earth Magic    | |  3.3

Action                     || total
---------------------------++-------
  Melee: War axe           ||    21
         Constrict         ||     5
         Tentacles         ||     5
   Cast: Sandblast         ||    22
    Use: Scroll            ||     3
   Stab: Sleeping          ||     2
  Dodge: Dodged            ||    22

Table legend: (Time is in decaauts)
 A = Elapsed time spent in this place.
 B = Non-inter-level travel time spent in this place.
 C = Inter-level travel time spent in this place.
 D = Time resting spent in this place.
 E = Time spent auto-exploring this place.
 F = Levels seen in this place.
 G = Mean time per level.
                   A        B        C        D        E       F      G
               +--------+--------+--------+--------+--------+-----+--------+
         Total |    784 |    755 |     29 |      0 |    598 |   2 |  392.0 |
       Dungeon |    784 |    755 |     29 |      0 |    598 |   2 |  392.0 |
               +--------+--------+--------+--------+--------+-----+--------+

Top non-repeatable levels by time:
     D:1: 593 daAuts
     D:2: 191 daAuts
